 Dungeon Crawl Stone Soup version 0.30-a0-358-g0d69a1922f (webtiles) character file.

Game seed: 3344844111518828043

313 koil the Chopper (level 6, -4/52 HPs)
             Began as a Hill Orc Reaver on Nov 8, 2022.
             Slain by a lemure (7 damage)
             ... led by Pikel
             ... on level 3 of the Dungeon.
             The game lasted 00:08:06 (3007 turns).

koil the Chopper (Hill Orc Reaver)                  Turns: 3007, Time: 00:08:07

Health: -4/52      AC:  8    Str: 12 (13) XL:     6   Next: 43%
Magic:  18/18      EV:  5    Int: 14 (15) God:
Gold:   146        SH:  0    Dex:  9      Spells: 8/9 levels left

rFire   . . .      SeeInvis .    a - +0 hand axe
rCold   . . .      Faith    .    (no shield)
rNeg    . . .      Spirit   .    o - +0 chain mail
rPois   .          Reflect  .    (helmet restricted)
rElec   .          Harm     .    (no cloak)
rCorr   .          Rampage  .    (no gloves)
Will    +....                    (no boots)
Stlth   ..........               (no amulet)
HPRegen 0.28/turn                t - ring of magical power
MPRegen 0.16/turn                p - ring of flight

@: mighty, on berserk cooldown, flying, slowed, very slow
A: hooves 1, horns 1, strong-willed 1, weak 1
a: no special abilities


You were on level 3 of the Dungeon.
You visited 1 branch of the dungeon, and saw 4 of its levels.
You also visited: Sewer.

You collected 146 gold pieces.

Inventory:

Hand Weapons
 a - a +0 hand axe (weapon)
Armour
 b - a +0 leather armour
 d - a +0 ring mail
 g - a +0 scale mail
 o - a +0 chain mail (worn)
Jewellery
 p - a ring of flight (right hand)
 t - a ring of magical power (left hand)
Scrolls
 c - 2 scrolls of poison {unknown}
 e - 5 scrolls of identify {unknown}
 f - 3 scrolls of teleportation {unknown}
 j - 2 scrolls of blinking {unknown}
 l - a scroll of magic mapping {unknown}
 m - a scroll of noise {unknown}
 n - a scroll of vulnerability {unknown}
 r - a scroll of enchant weapon {unknown}
 s - a scroll of silence {unknown}
Potions
 i - a potion of invisibility
 k - a potion of berserk rage
 u - a potion of flight {unknown}


   Skills:
 + Level 4.0 Fighting
 + Level 5.2 Axes
 + Level 2.4 Armour
 + Level 2.6 Dodging
 + Level 2.3 Spellcasting
 + Level 3.9 Conjurations


You had 8 spell levels left.
You knew the following spells:

 Your Spells              Type           Power      Damage    Failure   Level
a - Kiss of Death         Conj/Necr      28%        2d7       99%         1

Your spell library contained the following spells:

 Spells                   Type           Power      Damage    Failure   Level
 Momentum Strike          Conj/Tloc      14%        3d8       99%         2
 Hailstorm                Conj/Ice       7%         3d4       100%        3


Dungeon Overview and Level Annotations

Branches:
Dungeon (4/15)              Sewer (visited)
 Temple: D:4-7

Altars:

Annotations:
D:4 Dowan


Innate Abilities, Weirdness & Mutations

You have large cloven feet.
You have a pair of small horns on your head.
You are strong-willed. (Will+)
You are weak. (Str -2)


Message History

Dowan is severely wounded.
Dowan hits you but does no damage.
Dowan points at you and mumbles some strange words.
The stone arrow hits you! Dowan hits you but does no damage.
You closely miss Dowan. Your kick misses Dowan.
Dowan is severely wounded.
You closely miss the lemure. The lemure hits you but does no damage.
Dowan hits you with a +2 dagger of flaming.
Dowan burns you.
* * * LOW HITPOINT WARNING * * *
The lemure hits you but does no damage.
Dowan hits you with a +2 dagger of flaming.
* * * LOW HITPOINT WARNING * * *
Dowan burns you.
* * * LOW HITPOINT WARNING * * *
You feel much better.
Dowan hits you with a +2 dagger of flaming.
Dowan burns you. The lemure hits you but does no damage.
Dowan hits you but does no damage.
Dowan hits you with a +2 dagger of flaming.
Dowan burns you.
Dowan gestures wildly while chanting.
Dowan blinks!
The lemure hits you. The lemure attacks as you move away!
The lemure hits you but does no damage.
There is a stone staircase leading up here.
Dowan gestures wildly while chanting.
Dowan blinks!
The lemure hits you!
* * * LOW HITPOINT WARNING * * *
The lemure hits you but does no damage.
You fly upwards.
There is a stone staircase leading down here.
The lemure hits you!
* * * LOW HITPOINT WARNING * * *
You feel better. The lemure completely misses you. The lemure hits you.
* * * LOW HITPOINT WARNING * * *
It was a potion of might.
You feel very mighty all of a sudden. The lemure hits you but does no damage.
You closely miss the lemure. Your kick misses the lemure. The lemure hits you!
You die...

#....## ###..................#
##.#### #..................#
##.# #######............).....#
...###..................#######
####...#####.........####
##...### #.........###########
...### #.........##........#
#### #.........##........# #
#....@5.>.##........# ##
#.........##........# .#
#...####..#.........# .#####
#.#.# ##...........# .....#
#...## #.########### ####.#
####....####..# ...#.#
#.............##
##.#.####.#..#~..#..#..#
#.#.##......~~~~~...#.##


You could see a lemure.

Vanquished Creatures
  Duvessa (D:4)
  A hound (D:4)
  An orc wizard (D:4)
  A hell rat (Sewer)
  4 adders
  2 river rats (Sewer)
  3 worms (D:2)
  2 orcs (D:4)
  10 bats
  4 endoplasms (D:1)
  4 giant cockroaches
  6 goblins
  4 hobgoblins
  4 jackals (D:1)
  4 kobolds
  3 quokkas
  7 ball pythons
  6 frilled lizards
  10 rats
77 creatures vanquished.

Notes
Turn   | Place    | Note
-------+----------+-------------------------------------------
     0 | D:1      | koil the Hill Orc Reaver began the quest for the Orb.
     0 | D:1      | Reached XP level 1. HP: 18/18 MP: 3/3
    39 | D:1      | Reached XP level 2. HP: 16/25 MP: 4/4
   206 | D:1      | Found a faded altar of an unknown god.
   285 | D:1      | Reached XP level 3. HP: 22/30 MP: 5/5
   740 | D:1      | Reached skill level 1 in Armour
  1341 | D:2      | Reached XP level 4. HP: 38/38 MP: 6/6
  1996 | D:3      | Found a glowing drain.
  2076 | Sewer    | Entered a sewer
  2144 | Sewer    | Reached XP level 5. HP: 33/45 MP: 8/8
  2325 | Sewer    | Gained mutation: You are weak. (Str -2) [potion of
                  | mutation]
  2325 | Sewer    | Gained mutation: You have large cloven feet. [potion of
                  | mutation]
  2325 | Sewer    | Gained mutation: You have a pair of small horns on your
                  | head. [potion of mutation]
  2325 | Sewer    | Gained mutation: You are strong-willed. (Will+) [potion of
                  | mutation]
  2327 | Sewer    | HP: 3/41 [hell rat (14)]
  2806 | D:4      | Noticed Duvessa
  2806 | D:4      | Noticed Dowan
  2979 | D:4      | Killed Duvessa
  2980 | D:4      | Reached skill level 5 in Axes
  2980 | D:4      | Reached XP level 6. HP: 52/52 MP: 9/9
  2996 | D:4      | HP: 10/52 [Dowan/+2 dagger of flaming (4)]
  3003 | D:3      | HP: 2/52 [lemure[Pikel] (8)]
  3007 | D:3      | Slain by a lemure

Illustrated notes

Levels and vault maps discovered:
D:1:      roderic_dead_forest, layout_loops_cross,
          dreamdust_ecumenical_altar_statues, st_stairs_4
D:2:      layout_loops_ring
D:3:      layout_rooms, cheibrodos_sewer_entry_drain
D:4:      layout_basic, uniq_duvessa, uniq_pikel

Skill      XL: |  1  2  3  4  5  6 |
---------------+-------------------+-----
Armour         | 1 2 |  2.4
Dodging        | 2 |  2.6
Fighting       | 3 4 |  4.0
Spellcasting   | 2 |  2.3
Axes           | 5 |  5.2
Conjurations   | |  3.9

Action                   |  1- 3 |  4- 6 || total
-------------------------+-------+-------++-------
Melee: Hand axe          |   152 |   159 ||   311
       Punch             |     2 |       ||     2
       Kick              |       |    10 ||    10
       Headbutt          |       |     5 ||     5
  Use: Potion            |       |    11 ||    11
Armor: Leather armour    |    47 |       ||    47
       Chain mail        |     5 |    97 ||   102
Dodge: Dodged            |    94 |    34 ||   128

Table legend: (Time is in decaauts)
 A = Elapsed time spent in this place.
 B = Non-inter-level travel time spent in this place.
 C = Inter-level travel time spent in this place.
 D = Time resting spent in this place.
 E = Time spent auto-exploring this place.
 F = Levels seen in this place.
 G = Mean time per level.
                   A        B        C        D        E       F      G
               +--------+--------+--------+--------+--------+-----+--------+
         Total |   3036 |   2969 |     67 |    277 |   1923 |   5 |  607.2 |
       Dungeon |   2609 |   2542 |     67 |     44 |   1834 |   4 |  652.2 |
         Sewer |    427 |    427 |      0 |    233 |     89 |   1 |  427.0 |
               +--------+--------+--------+--------+--------+-----+--------+

Top non-repeatable levels by time:
     D:2: 899 daAuts
     D:1: 859 daAuts
     D:3: 699 daAuts
   Sewer: 427 daAuts
     D:4: 150 daAuts
